 Dungeon Crawl Stone Soup version 0.28-a0-1227-ga9037bb4c8 (webtiles) character file.

Game seed: 8720922192574711224

126 ChaosChampion the Magician (level 4, 0/24 HPs)
             Began as a Deep Elf Conjurer on Dec 22, 2021.
             Hit by a boomerang thrown by an orc (1 damage)
             ... on level 3 of the Dungeon.
             The game lasted 00:01:52 (3061 turns).

ChaosChampion the Magician (Deep Elf Conjurer)      Turns: 3061, Time: 00:01:52

Health: 0/24       AC:  2    Str:  4    XL:     4   Next: 83%
Magic:  6/13       EV: 13    Int: 25    God:
Gold:   84         SH:  0    Dex: 19    Spells: 11/14 levels left

rFire   . . .      SeeInvis .   (no weapon)
rCold   . . .      Faith    .   (no shield)
rNeg    . . .      Spirit   .   a - +0 robe
rPois   .          Reflect  .   (no helmet)
rElec   .          Harm     .   (no cloak)
rCorr   .          Rampage  .   (no gloves)
Will    .....                   (no boots)
Stlth   ++........              (no amulet)
HPRegen 0.08/turn               i - +6 ring of dexterity
MPRegen 0.13/turn               (no ring)

@: no status effects
A: no striking features
a: no special abilities


You were on level 3 of the Dungeon.
You visited 1 branch of the dungeon, and saw 3 of its levels.

You collected 84 gold pieces.

Inventory:

Armour
 a - a +0 robe (worn)
Jewellery
 i - a +6 ring of dexterity (left hand)
 k - a ring of ice
Scrolls
 b - 2 scrolls of silence {unknown}
 d - 2 scrolls of enchant weapon {unknown}
 f - a scroll of summoning {unknown}
 j - a scroll of identify {unknown}
Potions
 c - 2 potions of heal wounds {unknown}
 e - a potion of brilliance {unknown}
 g - a potion of might {unknown}
 h - a potion of curing {unknown}
 l - a potion of berserk rage {unknown}


   Skills:
 - Level 2.4 Dodging
 - Level 2.4 Stealth
 * Level 5.9 Spellcasting
 + Level 5.3 Conjurations


You had 11 spell levels left.
You knew the following spells:

 Your Spells              Type           Power      Damage    Failure   Level
a - Magic Dart            Conj           100%       1d8       1%          1
b - Searing Ray           Conj           66%        2d6       1%          2

Your spell library contained the following spells:

 Spells                   Type           Power      Damage    Failure   Level
 Dazzling Flash           Conj/Hex       40%        N/A       8%          3
 Fulminant Prism          Conj/Hex       10%        3d9       26%         4
 Iskenderun's Mystic Bla  Conj/Tloc      20%        2d6       26%         4


Dungeon Overview and Level Annotations

Branches:
Dungeon (3/15)

Altars:
Ashenzari
Zin

Annotations:
D:3 1 transporter, ChaosChampion's ghost, amateur OpTm


Message History

The endoplasm is severely wounded. (Press . to maintain the ray.)
You hear a shout!
An orc comes into view. It is wielding a +0 hand axe.
Something unseen opens the door.
The orc shouts!
The searing ray hits the endoplasm!
You kill the endoplasm!
You hear a shout!
The searing ray misses the orc wizard.
The searing ray hits the orc.
The orc is severely wounded.
An orc comes into view. It is wielding a +0 dagger.
The orc throws a boomerang.
The boomerang hits you.
Casting: Searing Ray (safe; 1% risk of failure)
Confirm with . or Enter, or press ? or * to list all spells.
Restarting spell: Searing Ray (safe; 1% risk of failure)
Press: ? - help, Shift-Dir - straight line, f - orc wizard
Aim: an orc wizard, wielding a +0 dagger and wearing a +0 robe (76% to hit)
The searing ray hits the orc wizard.
The orc wizard is moderately wounded. (Press . to maintain the ray.)
The orc hits you with a +0 hand axe. The orc wizard barely misses you.
The searing ray hits the orc wizard.
The orc wizard is severely wounded.
The orc closely misses you.
The orc wizard points at you and mumbles some strange words.
The magic dart hits you!
The searing ray hits the orc wizard!
You kill the orc wizard!
A kobold opens the door.
The orc hits you with a +0 hand axe.
A bat comes into view.
The orc hits you with a +0 hand axe.
* * * LOW HITPOINT WARNING * * *
The bat moves out of view.
Things that are here:
a +0 dagger; a +0 robe; an orc corpse The orc throws a boomerang.
The boomerang hits you.
* * * LOW HITPOINT WARNING * * *
The orc throws a boomerang.
The boomerang hits you.
You die...

..............#.#........##...# .
.............##.#...........#####
.......#.###.##..................
#####..).# #.###.........###...##
#...####.# #..)...<..# ###...
#...##...# #..####.### ####
########.# ##..##..# ##
#)#####....########### #'.
#....@................ #.o
#o#######..########### b.#...#)#
#### #K.8o'.# #.#...### #... +.8
#.. ##


You could see an orc.

Vanquished Creatures
  An orc wizard (D:3)
  5 adders
  2 worms
  A dart slug (D:1)
  5 bats
  5 endoplasms
  A giant cockroach (D:2)
  5 goblins
  5 hobgoblins
  2 jackals (D:1)
  6 ball pythons
  3 frilled lizards
  7 kobolds
  2 rats (D:1)
50 creatures vanquished.

Notes
Turn   | Place    | Note
-------+----------+-------------------------------------------
     0 | D:1      | ChaosChampion the Deep Elf Conjurer began the quest for the
                  | Orb.
     0 | D:1      | Reached XP level 1. HP: 10/10 MP: 6/6
   371 | D:1      | Reached XP level 2. HP: 15/15 MP: 6/8
   374 | D:1      | Learned a level 2 spell: Searing Ray
  1530 | D:2      | Reached XP level 3. HP: 19/19 MP: 8/11
  1760 | D:2      | Found a glowing silver altar of Zin.
  1862 | D:2      | Reached skill level 5 in Spellcasting
  1862 | D:2      | Reached skill level 5 in Conjurations
  1987 | D:2      | Reached XP level 4. HP: 24/24 MP: 9/13
  2813 | D:3      | Found a faded altar of an unknown god.
  2834 | D:3      | Found a broken altar of Ashenzari.
  2983 | D:3      | Found a transporter.
  2984 | D:3      | Noticed ChaosChampion's ghost (amateur OpTm)
  3057 | D:3      | HP: 1/24 [orc/boomerang (6)]
  3061 | D:3      | Hit by a boomerang thrown by an orc

Illustrated notes

Levels and vault maps discovered:
D:1:      ebering_trefoil_twist, layout_basic, serial_co_window_serial,
          co_window_paths_b, co_window_paths_a, co_window_paths_a,
          co_window_corner_a, co_window_paths_b, co_window_broadway_a,
          co_window_of_opportunity_b, co_window_unsneaky_path_a,
          co_window_of_opportunity_b, co_window_of_opportunity_b,
          co_window_broadway_a, co_window_broadway_a, co_window_4corner_a,
          co_window_4corner_b, glass_columns_a
D:2:      minmay_skewed_foursquare, layout_loops_ring, basic_altar
D:3:      minmay_chambers_of_threes, layout_rooms,
          nicolae_overflow_crystal_walls, ebering_ecumenical_altar_abandoned,
          gammafunk_ghost_smash

Skill      XL: |  1  2  3 |
---------------+----------+-----
Spellcasting   | 4 5 |  5.9
Conjurations   | 5 |  5.3
Dodging        | |  2.4
Stealth        | |  2.4

Action                   |  1- 3 |  4- 6 || total
-------------------------+-------+-------++-------
Melee: Unarmed           |     2 |       ||     2
 Cast: Magic Dart        |    55 |    33 ||    88
       Searing Ray       |     1 |     5 ||     6
Armor: Robe              |     3 |       ||     3
Dodge: Dodged            |     7 |     4 ||    11

Table legend: (Time is in decaauts)
 A = Elapsed time spent in this place.
 B = Non-inter-level travel time spent in this place.
 C = Inter-level travel time spent in this place.
 D = Time resting spent in this place.
 E = Time spent auto-exploring this place.
 F = Levels seen in this place.
 G = Mean time per level.
                   A        B        C        D        E       F      G
               +--------+--------+--------+--------+--------+-----+--------+
         Total |   3060 |   2977 |     83 |      0 |   2697 |   3 | 1020.0 |
       Dungeon |   3060 |   2977 |     83 |      0 |   2697 |   3 | 1020.0 |
               +--------+--------+--------+--------+--------+-----+--------+

Top non-repeatable levels by time:
     D:1: 1527 daAuts
     D:2: 1143 daAuts
     D:3: 389 daAuts
